 Dungeon Crawl Stone Soup version 0.29.1 (webtiles) character file.

Game seed: 15287732135969103918

87638 ChiefBigBeans the Warrior (level 15, -8/141 HPs)
             Began as a Minotaur Hunter on Sept 14, 2022.
             Was the Champion of Wu Jian.
             Mangled by a spriggan rider
             ... wielding a +0 spear
              (11 damage)
             ... on level 1 of the Swamp.
             The game lasted 02:05:10 (20849 turns).

ChiefBigBeans the Warrior (Minotaur Hunter)        Turns: 20849, Time: 02:05:12

Health: -8/141     AC: 20    Str: 16 (17) XL:     15   Next: 44%
Magic:  14/14      EV: 25    Int: 11      God:    Wu Jian [******]
Gold:   1376       SH:  0    Dex: 27 (29) Spells: 14/14 levels left

rFire   . . .      SeeInvis .   z - +6 rapier of Somuot {spect, rPois Dex+3}
rCold   + . .      Faith    .   (no shield)
rNeg    + . .      Spirit   .   a - +4 troll leather armour {Snorg}
rPois   +          Reflect  .   (helmet unavailable)
rElec   .          Harm     .   R - scarf {rC+ rF+}
rCorr   .          Rampage  .   k - +1 pair of gloves
Will    +....                   L - +2 pair of boots
Stlth   ++++......              f - amulet of Arexelar {rPois rF- rN+ Regen+ Int+5}
HPRegen 1.93/turn               F - +4 ring of protection
MPRegen 0.14/turn               e - +6 ring of dexterity

@: no status effects
A: horns 3, retaliatory headbutt, deterioration 1
a: Renounce Religion, Wall Jump, Serpent's Lash, Heavenly Storm


You were on level 1 of the Swamp.
You worshipped Wu Jian.
Wu Jian was exalted by your worship.
You visited 4 branches of the dungeon, and saw 23 of its levels.
You also visited: Gauntlet.

You collected 2610 gold pieces.
You spent 1234 gold pieces at shops.

Inventory:

Hand Weapons
 r - a +5 vorpal arbalest
 t - a +7 short sword of venom
 z - the +6 rapier of Somuot (weapon) {spect, rPois Dex+3}
   (You found it on level 12 of the Dungeon)

   When its wielder attacks, the weapon's spirit leaps out and strikes again.
   The spirit shares a part of any damage it takes with its wielder.
   Dex:       It affects your dexterity (+3).
   rPois:     It protects you from poison.
Armour
 a - a +4 troll leather armour (worn) {Snorg}
 k - a +1 pair of gloves (worn)
 L - a +2 pair of boots (worn)
 R - a scarf of resistance (worn)
Jewellery
 b - an amulet of the acrobat
 e - a +6 ring of dexterity (right hand)
 f - the amulet of Arexelar (around neck) {rPois rF- rN+ Regen+ Int+5}
   (You took it off a minotaur in a Gauntlet)

   [amulet of regeneration]

   Int:       It affects your intelligence (+5).
   rF:        It makes you vulnerable to fire.
   rPois:     It protects you from poison.
   rN:        It protects you from negative energy.
   Regen:     It increases your rate of health regeneration.
 F - a +4 ring of protection (left hand)
 P - a ring of see invisible
Wands
 g - a wand of paralysis (27)
 v - a wand of digging (6)
 x - a wand of roots (10)
 y - a wand of polymorph (4)
 C - a wand of mindburst (15)
 N - a wand of flame (12)
Scrolls
 c - a scroll of magic mapping
 d - 5 scrolls of teleportation
 j - 2 scrolls of butterflies
 o - 7 scrolls of fear
 q - 5 scrolls of identify
 s - 3 scrolls of brand weapon
 E - a scroll of silence
 K - 2 scrolls of amnesia
Potions
 h - 2 potions of ambrosia
 i - 4 potions of brilliance
 m - 3 potions of flight
 p - 2 potions of cancellation
 u - 3 potions of heal wounds
 B - 5 potions of haste
 D - 2 potions of resistance
 G - a potion of invisibility
 I - 2 potions of magic
 M - 6 potions of curing
Miscellaneous
 n - a phantom mirror


   Skills:
 + Level 15.3 Fighting
 + Level 14.2 Short Blades
 - Level 2.1 Maces & Flails
 + Level 13.7 Ranged Weapons
 + Level 13.7 Armour
 + Level 13.6 Dodging
 - Level 5.5 Stealth


You had 14 spell levels left.
You didn't know any spells.
Your spell library contained the following spells:

 Spells                   Type           Power      Damage    Failure   Level
 Freeze                   Ice            0%         1d3       38%         1
 Magic Dart               Conj           0%         1d3       38%         1
 Necrotise                Necr           0%         1d4       38%         1
 Sandblast                Erth           0%         2d4       38%         1
 Summon Small Mammal      Summ           0%         N/A       38%         1
 Passwall                 Tmut/Erth      0%         N/A       52%         2
 Poisonous Vapours        Pois/Air       0%         N/A       52%         2
 Scorch                   Fire           0%         2d5       52%         2
 Static Discharge         Conj/Air       0%         3-3/arc   52%         2
 Sublimation of Blood     Necr           0%         N/A       52%         2
 Wereblood                Tmut           0%         N/A       52%         2
 Call Canine Familiar     Summ           0%         N/A       77%         3
 Frozen Ramparts          Ice            0%         1d1       77%         3
 Gell's Gravitas          Tloc           0%         N/A       77%         3
 Ignite Poison            Fire/Tmut/Pois 0%         N/A       77%         3
 Lesser Beckoning         Tloc           0%         N/A       77%         3
 Mephitic Cloud           Conj/Pois/Air  0%         N/A       77%         3
 Ozocubu's Armour         Ice            0%         N/A       77%         3
 Portal Projectile        Hex/Tloc       0%         N/A       77%         3
 Stone Arrow              Conj/Erth      0%         3d7       77%         3
 Summon Guardian Golem    Hex/Summ       0%         N/A       77%         3
 Teleport Other           Tloc           0%         N/A       77%         3
 Vampiric Draining        Necr           0%         2d6       77%         3
 Animate Armour           Summ/Erth      0%         N/A       99%         4
 Animate Dead             Necr           0%         N/A       99%         4
 Corpse Rot               Necr/Pois/Air  0%         N/A       99%         4
 Hailstorm                Conj/Ice       0%         3d3       99%         4
 Ice Form                 Ice/Tmut       0%         N/A       99%         4
 Leda's Liquefaction      Hex/Erth       0%         N/A       99%         4
 Summon Ice Beast         Ice/Summ       0%         N/A       99%         4
 Agony                    Necr           0%         N/A       100%        5
 Borgnjor's Vile Clutch   Necr/Erth      0%         N/A       100%        5
 Fireball                 Conj/Fire      0%         3d3       100%        5
 Freezing Cloud           Conj/Ice/Air   0%         6-21      100%        5
 Lightning Bolt           Conj/Air       0%         1d11      100%        5
 Death Channel            Necr           0%         N/A       100%        6
 Ozocubu's Refrigeration  Ice            0%         4d7       100%        7
 Summon Hydra             Summ           0%         N/A       100%        7
 Lehudib's Crystal Spear  Conj/Erth      0%         10d2      100%        8
 Maxwell's Capacitive Co  Air            0%         ∞         100%        8
 Necromutation            Tmut/Necr      0%         N/A       100%        8


Dungeon Overview and Level Annotations

Branches:
Dungeon (15/15)            Temple (0/1) D:6            Lair (5/5) D:11
  Swamp (1/4) Lair:3       Spider (0/4) Lair:3        Slime (0/5) Lair:5
    Orc (2/2) D:12            Elf (0/3) Orc:2        Vaults (0/5) D:14
 Depths (0/4) D:15        Gauntlet (visited)

Altars:
Ashenzari
Cheibriados
Dithmenos
Gozag
Kikubaaqudgha
Nemelex Xobeh
Okawaru
Qazlal
Sif Muna
Uskayaw
Vehumet
Wu Jian
Xom
Zin
The Shining One
Jiyva
Lugonu

Shops:
D:2 [   D:3 (   D:5 (   Orc:2 *(!(*

Portals:
Abyss: D:15

Annotations:
D:7 2 transporters, Fractals's ghost, novice MfIE


Innate Abilities, Weirdness & Mutations

You have a pair of large horns on your head.
You reflexively headbutt those who attack you in melee.
Your body sometimes deteriorates upon taking damage.


Message History

Blink to where?
Press: ? - help, Dir - move target
As you read the scroll of blinking, it crumbles to dust.
The spriggan rider completely misses you.
The swamp worm fires a harpoon shot at you.
The harpoon shot hits you.
* * * LOW HITPOINT WARNING * * *
You are yanked forward by the harpoon shot.
Splash!
You fall into the shallow water.
Moving in this stuff is going to be slow.
The spriggan druid calls out to the beasts of the wild!
The spriggan druid shouts!
Found a chain mail.
Found 21 gold pieces.
You spin and attack the swamp worm repeatedly.
You closely miss the swamp worm. You hit the swamp worm.
The swamp worm is lightly wounded.
Your +6 rapier of Somuot {spect, rPois Dex+3} hits the swamp worm!
The fenstrider witch points at you and mumbles some strange words.
The toxic sludge misses you.
Splash!
You fall into the toxic bog.
Moving in this stuff is going to be slow.
The swamp worm closely misses you. The swamp worm completely misses you.
The spriggan druid barely misses your +6 rapier of Somuot {spect, rPois Dex+3}.
The spriggan druid hits your +6 rapier of Somuot {spect, rPois Dex+3} with a +0 quarterstaff!
Your spectral weapon shares its damage with you!
* * * LOW HITPOINT WARNING * * *
The spriggan rider hits you from afar with a +0 spear!
* * * LOW HITPOINT WARNING * * *
You can't go down here!
Blink to where?
Press: ? - help, Dir - move target
As you read the scroll of blinking, it crumbles to dust.
The spriggan rider misses you.
The spriggan rider hits you from afar with a +0 spear.
* * * LOW HITPOINT WARNING * * *
The spriggan rider hits you from afar with a +0 spear!
You die...

~~..~♣...~~~~~~
~~.~....~~~~§~~~..
..§~~~..~~~~~~~...
~[~~~..~.~........
~~~~~~~§.~~.....~.
♣~~~~~~wi~~..[..^.
♣.~~§~~.iiH..~~~..
♣...§~~~i.....~~.♣
♣♣♣~~.~~~~t@......♣
♣~.....D.i...~♣♣♣♣♣
♣.......i...♣♣
♣♣....~§~~§~~♣
♣♣♣.~~~§~~.~~~♣
♣.~~~~~~~~~~~.♣
♣.§~§~†~~~~..♣♣
♣..~~~~~~~~§♣..
♣....~~~.~.♣♣ .


You could see an alligator (swift), a swamp dragon, a fenstrider witch, 4
spriggan riders, 2 spriggan druids and a swamp worm.

Vanquished Creatures
  An ironbound preserver (D:14)
  An eleionoma (Lair:3)
  A minotaur (Gauntlet)
  Josephine (Lair:5)
  Snorg (D:11)
  An ettin (Orc:2)
  A rakshasa (D:15)
  2 ogre magi (Orc:2)
  Harold (D:11)
  5 boulder beetles
  A centaur warrior (D:14)
  8 hydras
  6 catoblepae
  8 two-headed ogres (Orc:2)
  An alligator (Lair:3)
  2 tengu warriors (D:15)
  5 death yaks (Lair:5)
  A fire crab (shapeshifter) (D:15)
  A swamp dragon (Swamp:1)
  2 deep trolls (Orc:2)
  A wizard (Gauntlet)
  A glowing orange brain (D:15)
  Pikel (D:6)
  An orc sorcerer (Orc:2)
  2 lindwurms
  An orc knight (Orc:2)
  5 deep elf pyromancers
  10 ugly things
  3 manticores
  4 elephants (Lair:4)
  9 cyclopes
  A salamander (shapeshifter) (D:14)
  4 black mambas
  4 gargoyles
  A black mamba (shapeshifter) (D:15)
  11 cane toads
  3 unseen horrors
  13 komodo dragons
  3 yaktaurs (D:13)
  3 kobold demonologists
  An efreet (D:15)
  A tengu conjurer (D:14)
  12 trolls
  3 polar bears
  A hornet (shapeshifter) (D:15)
  8 slime creatures
  A tyrant leech (Lair:3)
  3 meliai (D:12)
  2 hornets (Lair:2)
  A raiju (Gauntlet)
  A slime creature (shapeshifter) (D:14)
  A blink frog (shapeshifter) (D:15)
  8 blink frogs (Lair:1)
  3 shadows
  A spriggan (Lair:3)
  Sigmund (D:5)
  7 wraiths
  40 yaks
  2 vampires
  A wyvern (Lair:5)
  2 redbacks (Lair:3)
  15 vampire mosquitoes
  A basilisk (Lair:4)
  A steam dragon (D:7)
  A swamp worm (Swamp:1)
  2 wargs (Orc:2)
  Duvessa (D:4)
  2 acid dragons
  15 water moccasins
  A floating eye (shapeshifter) (D:14)
  An ice beast (D:6)
  13 orc warriors
  A sky beast (D:7)
  A black bear (D:6)
  19 ogres
  A wolf (D:11)
  5 boggarts (D:15)
  10 centaurs
  7 kobold brigands
  A necrophage (D:7)
  13 bullfrogs
  A gnoll sergeant (D:5)
  5 scorpions
  A hornet simulacrum (D:15)
  8 wights
  Dowan (D:4)
  12 killer bees
  7 howler monkeys
  6 electric eels
  6 lava snakes
  4 jellies
  4 gnoll boudas
  3 orc priests
  9 hounds
  2 iguanas (D:6)
  20 orc wizards
  A lightning spire (Gauntlet)
  4 hell rats (Lair:5)
  Robin (D:3)
  24 gnolls
  11 adders
  2 shadow imps
  2 white imps (Gauntlet)
  2 ufetubi (D:6)
  A worm (D:3)
  2 dart slugs
  45 orcs
  3 bats
  6 endoplasms
  4 giant cockroaches
  13 goblins
  5 hobgoblins
  37 kobolds
  2 quokkas
  9 ball pythons
  4 frilled lizards
  14 rats
  A lurking horror (D:15)
624 creatures vanquished.

Vanquished Creatures (others)
  12 fungi
  70 plants
82 creatures vanquished.

Grand Total: 706 creatures vanquished

Notes
Turn   | Place    | Note
-------+----------+-------------------------------------------
     0 | D:1      | ChiefBigBeans the Minotaur Hunter began the quest for the
                  | Orb.
     0 | D:1      | Reached XP level 1. HP: 18/18 MP: 0/0
    66 | D:1      | Reached skill level 1 in Stealth
   137 | D:1      | Reached XP level 2. HP: 25/25 MP: 1/1
   164 | D:1      | Found a faded altar of an unknown god.
   183 | D:1      | Prayed at the altar of an unknown god.
   183 | D:1      | Became a worshipper of the Wu Jian Council
   183 | D:1      | Reached * piety under Wu Jian
   210 | D:1      | Reached skill level 1 in Short Blades
   362 | D:1      | Reached skill level 3 in Fighting
   536 | D:1      | Reached XP level 3. HP: 31/31 MP: 2/2
   996 | D:2      | Reached ** piety under Wu Jian
  1340 | D:2      | Reached XP level 4. HP: 38/38 MP: 3/3
  1455 | D:2      | Found Dagi Yrgh's Armour Shop.
  1466 | D:2      | Bought a +0 ring mail of poison resistance for 80 gold
                  | pieces
  1638 | D:3      | Found a shimmering altar of Xom.
  1718 | D:3      | Noticed a +0 short sword
  1718 | D:3      | Noticed a +0 falchion
  1718 | D:3      | Noticed a +0 dagger
  1719 | D:3      | Noticed a +0 dagger
  1720 | D:3      | Noticed a +0 spear
  1720 | D:3      | Noticed a +0 falchion
  1720 | D:3      | Noticed a +0 short sword
  1721 | D:3      | Noticed a +0 spear
  1759 | D:3      | Found a hide-covered altar of Uskayaw.
  2180 | D:3      | Noticed Robin
  2183 | D:3      | Found Xoefuam's Antique Weapon Boutique.
  2211 | D:3      | Killed Robin
  2424 | D:3      | Found a broken altar of Ashenzari.
  2514 | D:4      | Reached XP level 5. HP: 45/45 MP: 4/4
  2534 | D:4      | Reached skill level 1 in Maces & Flails
  2542 | D:4      | Noticed Duvessa
  2547 | D:4      | Noticed Dowan
  2550 | D:4      | Killed Duvessa
  2551 | D:4      | Reached skill level 4 in Fighting
  2551 | D:4      | Reached XP level 6. HP: 38/52 MP: 5/5
  2554 | D:4      | Killed Dowan
  2715 | D:4      | Reached *** piety under Wu Jian
  2983 | D:4      | Found a glowing golden altar of the Shining One.
  3112 | D:5      | Entered Level 5 of the Dungeon
  3124 | D:5      | Found Kinus's Weapon Boutique.
  3482 | D:5      | Reached XP level 7. HP: 55/60 MP: 6/6
  3505 | D:5      | Noticed a kobold demonologist
  3508 | D:5      | Noticed a kobold demonologist
  3510 | D:5      | Noticed a smoke demon
  3515 | D:5      | Killed a kobold demonologist
  3516 | D:5      | Reached skill level 5 in Fighting
  3522 | D:5      | Noticed a red devil
  3527 | D:5      | Noticed a rust devil
  3527 | D:5      | Killed a kobold demonologist
  3528 | D:5      | Reached skill level 5 in Short Blades
  3528 | D:5      | Reached skill level 5 in Dodging
  3528 | D:5      | Reached XP level 8. HP: 38/70 MP: 7/7
  3819 | D:5      | Reached skill level 6 in Fighting
  3975 | D:5      | Noticed Sigmund
  3978 | D:5      | Killed Sigmund
  4139 | D:5      | Reached skill level 1 in Armour
  4640 | D:6      | Reached **** piety under Wu Jian
  4651 | D:6      | Reached skill level 5 in Ranged Weapons
  4653 | D:6      | Found a snail-covered altar of Cheibriados.
  4656 | D:6      | Found an iron altar of Okawaru.
  4782 | D:6      | Noticed Pikel
  4798 | D:6      | Killed Pikel
  4799 | D:6      | Reached skill level 7 in Fighting
  4799 | D:6      | Reached XP level 9. HP: 69/79 MP: 8/8
  4956 | D:6      | Noticed a komodo dragon
  4967 | D:6      | Killed a komodo dragon
  5068 | D:6      | Gained mutation: Your body sometimes deteriorates upon
                  | taking damage. [potion of mutation]
  5068 | D:6      | Gained mutation: You have a pair of large horns on your
                  | head. [potion of mutation]
  5447 | D:6      | Found an opulent altar of Gozag.
  5455 | D:6      | Reached skill level 5 in Stealth
  5627 | D:6      | Found a staircase to the Ecumenical Temple.
  5813 | D:3      | Bought a glowing arbalest for 172 gold pieces
  6039 | D:7      | Found a transporter.
  6042 | D:7      | Noticed a red ugly thing
  6043 | D:7      | Found a transporter.
  6045 | D:7      | Noticed Fractals's ghost (novice MfIE)
  6101 | D:7      | Reached skill level 8 in Fighting
  7158 | D:8      | Found a sparkling altar of Nemelex Xobeh.
  7212 | D:8      | Reached XP level 10. HP: 89/89 MP: 9/9
  7318 | D:8      | Reached ***** piety under Wu Jian
  7726 | D:9      | Reached skill level 5 in Armour
  8185 | D:9      | Reached skill level 9 in Fighting
  8732 | D:9      | Found a stormy altar of Qazlal.
  9083 | D:10     | Entered Level 10 of the Dungeon
  9292 | D:10     | Found a shadowy altar of Dithmenos.
  9773 | D:10     | Reached XP level 11. HP: 89/99 MP: 10/10
 10228 | D:10     | Found a shimmering blue altar of Sif Muna.
 10234 | D:10     | Found an ancient bone altar of Kikubaaqudgha.
 10247 | D:10     | Found a radiant altar of Vehumet.
 10258 | D:10     | Got Vehumet's Folio of Conjuration
 10394 | D:11     | Reached skill level 10 in Fighting
 10482 | D:11     | Noticed a purple ugly thing
 10498 | D:11     | Killed a purple ugly thing
 10504 | D:11     | Found a staircase to the Lair.
 10968 | D:11     | Noticed Snorg
 10978 | D:11     | Killed Snorg
 11055 | D:11     | Noticed a boulder beetle
 11071 | D:11     | Killed a boulder beetle
 11152 | D:11     | Reached skill level 10 in Short Blades
 11157 | D:11     | Noticed Harold
 11163 | D:11     | Reached ****** piety under Wu Jian
 11173 | D:11     | Killed Harold
 11498 | Lair:1   | Entered Level 1 of the Lair of Beasts
 11711 | Lair:1   | Reached skill level 11 in Fighting
 11800 | Lair:1   | Reached XP level 12. HP: 110/110 MP: 11/11
 11866 | Lair:1   | Identified the +1 robe of the Weaver {Will+}
 12210 | Lair:1   | Noticed a five-headed hydra
 12214 | Lair:1   | Killed a five-headed hydra
 12631 | Lair:2   | Identified the +11 halberd of Diloysin {antimagic, rN++
                  | Str-2}
 12777 | Lair:2   | Reached skill level 10 in Ranged Weapons
 12820 | Lair:2   | Reached skill level 10 in Dodging
 12886 | Lair:2   | Noticed a seven-headed hydra
 12895 | Lair:2   | Killed a seven-headed hydra
 13235 | Lair:3   | Found a staircase to the Swamp.
 13252 | Lair:3   | Noticed an eight-headed hydra
 13255 | Lair:3   | Killed an eight-headed hydra
 13365 | Lair:3   | Reached skill level 12 in Fighting
 13456 | Lair:3   | Found a glowing silver altar of Zin.
 13457 | Lair:3   | Noticed a seven-headed hydra
 13467 | Lair:3   | Killed a seven-headed hydra
 13626 | Lair:3   | Found a hole to the Spider Nest.
 13662 | Lair:3   | Reached skill level 10 in Armour
 14006 | Lair:4   | Reached XP level 13. HP: 118/119 MP: 12/12
 14644 | Lair:5   | Entered Level 5 of the Lair of Beasts
 14648 | Lair:5   | Found a viscous altar of Jiyva.
 14648 | Lair:5   | Found a staircase to the Slime Pits.
 14823 | Lair:5   | Found a gate leading to a gauntlet.
 14837 | Gauntlet | Entered a Gauntlet
 14837 | Gauntlet | Found a transporter.
 14874 | Gauntlet | Found a transporter.
 14874 | Gauntlet | Found a transporter.
 14890 | Gauntlet | Found a transporter.
 14908 | Gauntlet | Found a transporter.
 14916 | Gauntlet | Found a transporter.
 14974 | Gauntlet | Found a transporter.
 14976 | Gauntlet | Found a transporter.
 14980 | Gauntlet | Found a transporter.
 15030 | Gauntlet | Found a transporter.
 15032 | Gauntlet | Found a transporter.
 15191 | Gauntlet | Found a transporter.
 15199 | Gauntlet | Found a transporter.
 15219 | Gauntlet | Got the Vellum of the Volcanoes and Moulding
 15227 | Gauntlet | Found a transporter.
 15231 | Gauntlet | Found a transporter.
 15251 | Gauntlet | Identified the amulet of Arexelar {rPois rF- rN+ Regen+
                  | Int+5}
 15251 | Gauntlet | Noticed a minotaur
 15286 | Gauntlet | Killed a minotaur
 15395 | Lair:5   | Reached skill level 13 in Fighting
 15400 | Lair:5   | Identified the +3 morningstar "Newtbane" {spect, *Slow
                  | Str+7}
 15462 | Lair:5   | Found a hide-covered altar of Uskayaw.
 15628 | Lair:5   | Noticed Josephine
 15640 | Lair:5   | Killed Josephine
 15928 | Lair:5   | Reached XP level 14. HP: 124/129 MP: 13/13
 16621 | D:12     | Identified the +6 rapier of Somuot {spect, rPois Dex+3}
 16710 | D:12     | Found a staircase to the Orcish Mines.
 16833 | D:12     | Found a shimmering blue altar of Sif Muna.
 17460 | D:13     | Reached skill level 14 in Fighting
 17872 | D:14     | Found a gate to the Vaults.
 17872 | D:14     | Noticed an ironbound preserver
 17893 | D:14     | Killed an ironbound preserver
 18637 | D:15     | Entered Level 15 of the Dungeon
 18812 | D:15     | Found a one-way gate to the infinite horrors of the Abyss.
 18813 | D:15     | Found a corrupted altar of Lugonu.
 19163 | D:15     | Found a staircase to the Depths.
 19771 | Orc:1    | Entered Level 1 of the Orcish Mines
 19779 | Orc:1    | Reached XP level 15. HP: 139/139 MP: 14/14
 19875 | Orc:2    | Entered Level 2 of the Orcish Mines
 19908 | Orc:2    | Paralysed by an orc sorcerer for 3 turns
 20049 | Orc:2    | Found Laprihea's Assorted Antiques.
 20062 | Orc:2    | Found Qoetwegu's Distillery.
 20101 | Orc:2    | Reached skill level 15 in Fighting
 20142 | Orc:2    | Paralysed by an ogre mage for 2 turns
 20159 | Orc:2    | Paralysed by an ogre mage for 3 turns
 20289 | Orc:2    | Found Wiunk's Antique Weapon Shoppe.
 20291 | Orc:2    | Found Puteihor's Antique Weapon Shop.
 20303 | Orc:2    | Bought a potion of heal wounds for 80 gold pieces
 20303 | Orc:2    | Bought a potion of heal wounds for 80 gold pieces
 20310 | Orc:2    | Found a staircase to the Elven Halls.
 20313 | Orc:2    | Bought a glowing arbalest for 157 gold pieces
 20317 | Orc:2    | Found Ybyonlett's General Store.
 20321 | Orc:2    | Bought a masterwork demon whip for 600 gold pieces
 20321 | Orc:2    | Identified the +3 demon whip of Conservatism {freeze, rC+}
                  | (You bought it in a shop on level 2 of the Orcish Mines)
 20329 | Orc:2    | Bought a potion of heal wounds for 65 gold pieces
 20766 | Swamp:1  | Entered Level 1 of the Swamp
 20767 | Swamp:1  | Noticed a fenstrider witch
 20848 | Swamp:1  | HP: 5/141 [spriggan rider/+0 spear[a spriggan druid] (14)]
 20849 | Swamp:1  | Mangled by a spriggan rider

Illustrated notes

Levels and vault maps discovered:
D:1:      elethiomel_arrival_infinity_welcomes_careful_drivers, layout_basic,
          ebering_ecumenical_altar_petrified, lexackson_kobold_supper
D:2:      layout_basic, serial_shops, shop, minmay_distorted
D:3:      layout_basic, nicolae_uskayaw_en_pointe, general_overflow_altar,
          lemuel_coloured_pillars_altar, serial_shops,
          nicolae_shop_overgrown_old_shop, uniq_robin
D:4:      layout_cave_pools, tso_metal_star, uniq_duvessa
D:5:      layout_loops_corners, serial_shops, nicolae_shop_advertising_works
          [nicolae_subvault_shop_adworks], chequers_serial_rivers_small_3,
          uniq_sigmund
D:6:      layout_cave_pools, nicolae_overflow_hidden_temple, lemuel_tele_altar,
          overflow_temple_1_default, temple_hall, uniq_pikel
D:7:      layout_basic, gammafunk_ghost_arena
D:8:      layout_gridville, nemelex_diamond_rough_becter,
          mainiacjoe_overflow_catwalk, kennysheep_diamond
D:9:      layout_long_grid, mainiacjoe_overflow_alcove_4
D:10:     layout_rooms, palyth_temple_overflow_mages,
          mainiacjoe_overflow_tiny_flanked
D:11:     layout_irregular_city, erik_lair_island, uniq_harold, uniq_snorg
D:12:     layout_long_grid, orc_david_3, minivault_19,
          nicolae_sif_muna_little_library
D:13:     layout_cave_pools
D:14:     layout_roguey, skrybe_vaults_entry_preservation,
          minmay_stone_trees_small
D:15:     gammafunk_enter_depths_forms, layout_gridville,
          amcnicky_altar_lugonu_corruption
Lair:1:   layout_gridlike, serial_bayou_shore_b
Lair:2:   cheibrodos_lair_overgrown_chateau, layout_chaotic_city,
          chequers_serial_rivers_marsh, lemuel_fruit_tree
Lair:3:   layout_hall_layers, minmay_swamp_entry_worms, spider_nest_entry_webs,
          basic_altar, nicolae_lair_liquid_snakes
Lair:4:   layout_long_grid, nicolae_quartered_pool_medium
Lair:5:   evilmike_catoblepas_cave, layout_regular_city,
          nicolae_slime_entry_slimehenge, basic_altar, gauntlet_entry_generic,
          chequers_serial_rivers_marsh, uniq_josephine
Swamp:1:  layout_basic_swamp, evilmike_swamp_ruin_rubble_1, swamp_pool1,
          nicolae_swamp_snake_nest
Orc:1:    layout_caves
Orc:2:    st_orc_open, layout_diamond_mine, serial_shops,
          nicolae_shop_competitors_out_of_business

Skill      XL: |  1  2  3  4  5  6  7  8  9 10 11 12 13 14 15 |
---------------+----------------------------------------------+-----
Stealth        | 1 2 3 4 5 |  5.5
Short Blades   | 1 3 5 7 8 9 10 11 12 13 14 | 14.2
Fighting       | 3 4 5 7 8 9 11 12 13 14 15 | 15.3
Dodging        | 3 4 5 6 7 9 10 11 13 | 13.6
Maces & Flails | 1 2 |  2.1
Armour         | 3 4 6 8 10 11 13 | 13.7
Ranged Weapons | 5 6 8 9 10 12 13 | 13.7

Action                   |  1- 3 |  4- 6 |  7- 9 | 10-12 | 13-15 || total
-------------------------+-------+-------+-------+-------+-------++-------
Melee: Dagger            |     1 |       |       |       |       ||     1
       Short sword       |    25 |    49 |   106 |   406 |   310 ||   896
       Headbutt          |     9 |    12 |    28 |   111 |   245 ||   405
       Whip              |       |    33 |       |       |       ||    33
       Punch             |       |     1 |     1 |     8 |    13 ||    23
       Rapier            |       |       |       |       |   458 ||   458
 Fire: Shortbow          |    65 |    55 |    72 |       |       ||   192
       Arbalest          |       |       |    42 |   289 |   254 ||   585
Invok: Whirlwind         |     3 |    12 |     3 |    19 |    44 ||    81
       Lunge             |     1 |     5 |     7 |    10 |    27 ||    50
       Serpent's Lash    |       |       |       |     1 |       ||     1
  Use: Scroll            |     4 |    13 |     4 |     8 |     7 ||    36
       Potion            |       |     1 |     5 |     4 |    17 ||    27
 Stab: Sleeping          |       |       |       |     1 |     2 ||     3
       Invisible         |       |       |       |       |     1 ||     1
       Distracted        |       |       |       |       |    12 ||    12
Armor: Leather armour    |    12 |     1 |       |       |       ||    13
       Ring mail         |       |    47 |    23 |    87 |       ||   157
       Troll leather arm |       |       |       |    61 |   239 ||   300
Dodge: Dodged            |    19 |    57 |    62 |   392 |   571 ||  1101
